 Dungeon Crawl Stone Soup version 0.31.0-32-g396128a36d (webtiles) character file.

Game seed: 7961085505379350409

316620 fasolt the Brawler (level 20, -1/221 HPs)
             Began as a Troll Fighter on Apr 21, 2024.
             Was a High Priest of Wu Jian.
             Slain by a lorocyproca (25 damage)
             ... summoned by a deep elf demonologist
             ... on level 3 of the Elven Halls on Apr 22, 2024.
             The game lasted 02:34:38 (37126 turns).

fasolt the Brawler (Troll Fighter)                 Turns: 37126, Time: 02:34:39

Health: -1/221     AC: 30    Str: 31    XL:     20   Next: 53%
Magic:  0/28       EV: 12    Int:  4    God:    Wu Jian [*****.]
Gold:   3362       SH: 18    Dex: 11    Spells: 12/19 levels left

rFire   + +          .
                       - Unarmed
rCold   . . .        Z - +1 tower shield {rF+}
rNeg    + + .        y - melded +8 pearl dragon scales
rPois   ∞            r - +2 hat {Will+}
rElec   +            Q - scarf of Twilight {repulsion, Rampage rF+ rN+ Str+2}
rCorr   .            (gloves unavailable)
SInv    .            (boots unavailable)
Will    ++...        s - amulet of guardian spirit
Stlth   +            B - +4 ring of protection
HPRegen 1.36/turn    u - ring of magical power
MPRegen 0.21/turn

%: repel missiles, guardian spirit, rampage
@: about to teleport, statue-form, studying Ice Magic, invisible, very slow
A: slow and powerful, torment resistance 1, large, unfitting armour, claws 3,
regeneration 1, (shaggy fur 1), (tough skin 1), hooves 1, dopey 2, subdued magic
1
}: 2/15 runes: serpentine, barnacled
a: Begin Untransformation, Renounce Religion, Wall Jump, Serpent's Lash,
Heavenly Storm


You were on level 3 of the Elven Halls.
You worshipped Wu Jian.
Wu Jian was extremely pleased with you.
You were a living statue of rough stone.
You visited 8 branches of the dungeon, and saw 37 of its levels.
You also visited: Bailey and Ice Cave.

You collected 4074 gold pieces.
You spent 712 gold pieces at shops.

Inventory:

Missiles
 H - 11 large rocks (quivered)
 L - 15 javelins
 U - 34 boomerangs
Armour
 d - a +0 cloak of poison resistance
 r - a +2 hat of willpower (worn)
 y - +8 pearl dragon scales (melded)
 Q - the scarf of Twilight (worn) {repulsion, Rampage rF+ rN+ Str+2}
   (You bought it in a shop on level 2 of the Vaults)

   Str+2:     It affects your strength (+2).
   rF+:       It protects you from fire.
   rN+:       It protects you from negative energy.
   Rampage:   It bestows one free step when moving towards enemies.
 Z - a +1 tower shield of fire resistance (worn)
Jewellery
 q - a ring of resist corrosion
 s - an amulet of guardian spirit (around neck)
 u - a ring of magical power (right claw)
 B - a +4 ring of protection (left claw)
 K - a +6 ring of intelligence
 M - a ring of positive energy
 T - the ring "Dooze" {Fly MP-9 Dex+6}
   (You took it off a naga on level 2 of the Snake Pit)

   [ring of flight]

   Dex+6:     It affects your dexterity (+6).
   MP-9:      It affects your magic capacity (-9).
   Fly:       It grants you flight.
 W - a ring of protection from cold
Talismans
 S - a granite talisman (active)
Wands
 p - a wand of mindburst (8)
 v - a wand of polymorph (9)
 w - a wand of roots (52)
 F - a wand of quicksilver (20)
 G - a wand of charming (13)
 O - a wand of digging (8)
Scrolls
 a - 7 scrolls of noise
 b - 5 scrolls of poison
 e - 8 scrolls of amnesia
 f - 22 scrolls of identify
 g - 6 scrolls of fear
 j - 19 scrolls of teleportation
 l - 10 scrolls of vulnerability
 m - 6 scrolls of immolation
 n - 5 scrolls of blinking
 o - a scroll of enchant weapon
 x - 3 scrolls of fog
 C - 5 scrolls of summoning
 D - 4 scrolls of revelation
 J - 2 scrolls of enchant armour
 R - 3 scrolls of torment
Potions
 c - 9 potions of might
 h - 6 potions of enlightenment
 i - 10 potions of ambrosia
 k - 9 potions of attraction
 t - 2 potions of heal wounds
 z - 3 potions of haste
 I - 3 potions of brilliance
 N - a potion of resistance
 P - 5 potions of curing
 V - 3 potions of cancellation
 Y - 3 potions of berserk rage
Miscellaneous
 E - a sack of spiders
 X - a phial of floods


   Skills:
 + Level 13.5 Fighting
 - Level 8.3 Throwing
 - Level 6.8 Armour
 - Level 10.0 Dodging
 + Level 14.5 Shields
 + Level 20.2 Unarmed Combat
 - Level 6.0 Translocations
 - Level 5.1 Ice Magic
 - Level 5.0 Evocations
 + Level 14.3 Shapeshifting


You had 12 spell levels left.
You knew the following spells:

 Your Spells              Type           Power      Damage    Failure   Level
a - Freezing Cloud        Conj/Ice/Air   0%         6-21      100%        5
b - Blink                 Tloc           6%         N/A       13%         2

Your spell library contained the following spells:

 Spells                   Type           Power      Damage    Failure   Level
 Lesser Beckoning         Tloc           6%         N/A       13%         2
 Momentum Strike          Conj/Tloc      2%         3d8       41%         2
 Ensorcelled Hibernation  Hex/Ice        2%         N/A       47%         2
 Volatile Blastmotes      Fire/Tloc      2%         2d10      67%         3
 Foxfire                  Conj/Fire      0%         2x1d4     71%         1
 Kiss of Death            Conj/Necr      0%         2d5       71%         1
 Magic Dart               Conj           0%         1d3       71%         1
 Hailstorm                Conj/Ice       1%         3d5       73%         3
 Call Imp                 Summ           0%         N/A       85%         2
 Mercury Vapours          Alch/Air       0%         N/A       85%         2
 Searing Ray              Conj           0%         2d4       85%         2
 Call Canine Familiar     Summ           0%         N/A       97%         3
 Confusing Touch          Hex            0%         N/A       97%         3
 Dazzling Flash           Conj/Hex       0%         N/A       97%         3
 Mephitic Cloud           Conj/Alch/Air  0%         N/A       97%         3
 Passwall                 Erth           0%         N/A       97%         3
 Sigil of Binding         Hex            0%         N/A       97%         3
 Stone Arrow              Conj/Erth      0%         3d7       97%         3
 Swiftness                Air            0%         N/A       97%         3
 Dimensional Bullseye     Hex/Tloc       0%         N/A       97%         4
 Iskenderun's Mystic Bla  Conj/Tloc      1%         2d3       97%         4
 Animate Armour           Summ/Erth      0%         N/A       100%        4
 Dispel Undead            Necr           0%         3d6       100%        4
 Fulminant Prism          Conj/Alch      0%         3d5       100%        4
 Ignite Poison            Fire/Alch      0%         N/A       100%        4
 Sticky Flame             Fire/Alch      0%         2d4       100%        4
 Summon Mana Viper        Hex/Summ       0%         N/A       100%        5
 Plasma Beam              Fire/Air       0%         2x1d10    100%        6
 Starburst                Conj/Fire      0%         6d3       100%        6
 Malign Gateway           Summ/Tloc      0%         N/A       100%        7
 Spellforged Servitor     Conj/Summ      0%         N/A       100%        7
 Summon Hydra             Summ           0%         N/A       100%        7
 Ignition                 Fire           0%         3d3       100%        8
 Lehudib's Crystal Spear  Conj/Erth      0%         10d2      100%        8
 Summon Horrible Things   Summ           0%         N/A       100%        8
 Fire Storm               Conj/Fire      0%         5d1       100%        9
 Sublimation of Blood     Necr           Unusable   N/A       N/A         2

Dungeon Overview and Level Annotations

Branches:
Dungeon (15/15)            Temple (1/1) D:4            Lair (5/5) D:11
 Shoals (4/4) Lair:3        Snake (4/4) Lair:3        Slime (0/5) Lair:5
    Orc (2/2) D:9             Elf (3/3) Orc:2        Vaults (3/5) D:14
  Crypt (0/3) Vaults:2     Depths (0/4) D:15         Bailey (visited)
  IceCv (visited)

Altars:
Ashenzari
Cheibriados
Dithmenos
Elyvilon
Fedhas
Gozag
Hepliaklqana
Kikubaaqudgha
Makhleb
Nemelex Xobeh
Okawaru
Qazlal
Ru
Sif Muna
Trog
Uskayaw
Vehumet
Wu Jian
Xom
Yredelemnul
Zin
The Shining One
Jiyva

Shops:
Orc:2 =([(   Shoals:1 *   Snake:3 (   Vaults:2 [

Portals:
Trove: D:15 (give 14 potions of curing)

Annotations:
Vaults:1 exclusion: obsidian statue


Innate Abilities, Weirdness & Mutations

You are a living statue of rough stone.
Your actions are slow, but your melee attacks are powerful.
You are resistant to unholy torment.
Your equipment is partially melded.
You are too large for most types of armour.
You are immune to poison.
You have claws for hands.
Your natural rate of healing is unusually fast.
((You are covered in fur. (AC +1)))
((You have tough skin. (AC +1)))
You have large cloven feet.
You are very dopey. (Int -4)
Your spells are a little easier to cast, but a little less powerful.


Message History

Your kick misses the deep elf demonologist.
The deep elf demonologist is lightly wounded.
The deep elf death mage beckons forth restless souls!
The deep elf demonologist hits you but does no damage.
Something hits you!
* * * LOW HITPOINT WARNING * * *
You feel your power leaking away.
You scratch the deep elf demonologist but do no damage.
Your kick misses the deep elf demonologist.
The deep elf demonologist is lightly wounded.
The deep elf demonologist seems less brilliant.
The deep elf death mage seems less brilliant.
The deep elf demonologist is empowered by something's aura!
The deep elf death mage is empowered by something's aura!
The deep elf sorcerer gestures wildly while chanting.
The deep elf sorcerer seems to speed up.
The deep elf demonologist gestures wildly while chanting.
The deep elf death mage hits you from afar with the +8 trishula "Condemnation" {holy, anguish, *Noise Fly rN+}!
* * * LOW HITPOINT WARNING * * *
Something hits you!
* * * LOW HITPOINT WARNING * * *
You feel your power leaking away.
Blink to where?
Press: ? - help, Dir - move target
As you read the scroll of blinking, it crumbles to dust.
The deep elf sorcerer wildly gestures.
You feel troubled. Something hits you.
* * * LOW HITPOINT WARNING * * *
The deep elf demonologist casts a spell.
The deep elf death mage gestures at you while chanting.
The bolt of negative energy misses you.
You hear a shout!
Something hits you!
* * * LOW HITPOINT WARNING * * *
Something hits you.
* * * LOW HITPOINT WARNING * * *
As you read the scroll of teleportation, it crumbles to dust.
You feel strangely unstable. Something hits you!!
You die...

#eE# #4e# #3e#
#E4# #e2# ######
#ee##########
#.##.#
#3ee§e......#
#.##.##
######.######
##)#...## #8#
.#......# #.#
#.)#...## #.#
##.##)##########.#
##.#..).))......#
##..#####)######
##.#.# #)##
##.##.# #..#
#.###.######.#


You could see a deep elf death mage (empowered).

Vanquished Creatures
  Nikola (Vaults:1)
  Rupert (D:13)
  2 deep elf blademasters
  A deep elf master archer (Elf:3)
  A sphinx (Vaults:3)
  Gastronok (D:8)
  Polyphemus (Shoals:4)
  A revenant (Vaults:2)
  A frost giant (Vaults:3)
  5 nagarajas (Snake:4)
  7 vault wardens
  3 deep elf sorcerers (Elf:3)
  4 orc warlords
  4 deep elf elementalists (Elf:3)
  A reaper (IceCv)
  5 ironbound thunderhulks
  A formless jellyfish (Vaults:2)
  14 ironbound preservers
  A deep elf death mage (Elf:3)
  3 deep elf annihilators
  A war gargoyle (Vaults:2)
  7 dire elephants (Vaults:2)
  An ettin (Orc:2)
  2 crystal guardians (Vaults:3)
  3 merfolk impalers
  6 merfolk javelineers
  An entropy weaver (Vaults:2)
  3 yaktaur captains
  A great orb of eyes (Vaults:1)
  2 deep elf high priests
  2 hydras
  3 salamander tyrants
  3 ogre magi
  5 merfolk avatars
  7 vault guards
  Erolcha (D:13)
  An alligator snapping turtle (Shoals:4)
  3 peacekeepers
  4 catoblepae
  9 anacondas
  7 centaur warriors
  12 ironbound frosthearts
  30 dancing weapons
  Erica (D:8)
  11 two-headed ogres
  A boulder beetle (D:12)
  A deep troll earth mage (D:15)
  2 merfolk aquamancers (Shoals:4)
  6 satyrs (Shoals:4)
  3 tengu warriors
  17 death yaks
  11 naga warriors
  5 orc high priests
  9 naga sharpshooters
  8 shock serpents
  Nergalle (D:12)
  Sonja (Lair:3)
  17 deep elf knights
  2 salamander mystics
  6 skysharks
  8 sea snakes
  A glowing orange brain (Vaults:3)
  40 deep trolls
  3 lindwurms (Vaults:1)
  5 naga ritualists
  2 arcanists (Vaults:2)
  11 mana vipers
  10 orc knights
  6 deep elf archers
  27 deep elf pyromancers
  A phantasmal warrior (Vaults:2)
  12 ironbound convokers
  24 deep elf zephyrmancers
  18 harpies
  2 necromancers
  6 orc sorcerers
  4 ugly things
  12 manticores
  24 fauns
  Maurice (D:7)
  6 cyclopes
  13 salamanders
  5 kobold blastminers
  A spectral centaur (D:12)
  5 guardian serpents
  26 black mambas
  4 merfolk sirens
  Joseph (D:8)
  2 ice statues (IceCv)
  7 vault sentinels
  8 elephants
  13 naga magi
  A black mamba (shapeshifter) (D:15)
  2 water nymphs
  A torpor snail (Lair:3)
  A storm dragon simulacrum (Vaults:2)
  Maggie (D:6)
  5 cane toads
  An unseen horror (D:13)
  5 gargoyles
  3 centaur skeletons (D:12)
  A rime drake (Lair:5)
  An efreet (D:15)
  13 komodo dragons
  15 yaktaurs
  A freezing wraith (D:14)
  6 ice devils (IceCv)
  3 tengu conjurers
  3 anaconda simulacra (IceCv)
  3 polar bears
  A queen bee (Lair:1)
  A polar bear (shapeshifter) (D:15)
  28 merfolk
  13 trolls
  2 human skeletons (Vaults:2)
  3 wind drakes
  29 blink frogs
  A hornet (D:15)
  2 dream sheep (Shoals:4)
  3 snapping turtles (Shoals:4)
  2 shadows (D:9)
  A meliai zombie (D:12)
  Sigmund (D:3)
  An air elemental (Elf:1)
  53 yaks
  31 slime creatures
  7 wyverns
  4 vampires
  6 water elementals
  5 wraiths
  A fire elemental (Elf:3)
  A human (D:14)
  2 dire elephant simulacra (IceCv)
  Eustachio (D:6)
  6 basilisks
  7 vampire mosquitoes (D:12)
  A death yak simulacrum (IceCv)
  45 nagas
  2 acid dragons
  3 harpy simulacra (IceCv)
  2 hydra simulacra (IceCv)
  12 water moccasins
  An ice beast (D:8)
  2 sky beasts (D:8)
  46 orc warriors
  A black bear (D:4)
  13 wolves
  9 ogres
  12 centaurs
  2 phantoms (D:6)
  3 kobold brigands
  14 bullfrogs
  A gnoll sergeant (D:9)
  An earth elemental (Elf:1)
  4 scorpions
  5 two-headed ogre simulacra
  12 wights
  34 killer bees
  4 howler monkeys
  A bombardier beetle (D:3)
  4 hounds
  4 jellies
  24 orc priests
  Crazy Yiuf (D:2)
  2 gnoll boudas
  Jessica (D:2)
  5 iguanas
  32 orc wizards
  A troll simulacrum (IceCv)
  10 adders
  14 gnolls
  A naga simulacrum (D:11)
  3 white imps
  2 ufetubi (D:5)
  3 dart slugs (D:1)
  A ribbon worm (D:3)
  106 orcs
  5 endoplasms
  A giant cockroach (D:4)
  8 hobgoblins
  2 jackals (D:3)
  3 quokkas
  5 ball pythons
  5 bats
  4 frilled lizards
  10 goblins
  18 kobolds
  2 rats
1367 creatures vanquished.

Vanquished Creatures (others)
  A deep elf knight (Elf:1)
  An ironbound convoker (Vaults:1)
  A deep elf zephyrmancer (Elf:2)
  An orc (Orc:2)
4 creatures vanquished.

Grand Total: 1371 creatures vanquished

Notes
Turn   | Place    | Note
-------+----------+-------------------------------------------
     0 | D:1      | fasolt the Troll Fighter began the quest for the Orb.
     0 | D:1      | Reached XP level 1. HP: 22/22 MP: 0/0
   172 | D:1      | Reached XP level 2. HP: 29/29 MP: 1/1
   662 | D:1      | Reached XP level 3. HP: 36/36 MP: 2/2
  1176 | D:2      | Noticed Jessica
  1184 | D:2      | Reached skill level 3 in Unarmed Combat
  1187 | D:2      | Killed Jessica
  1188 | D:2      | Reached XP level 4. HP: 37/44 MP: 3/3
  1498 | D:2      | Found a runed translucent door.
  1499 | D:2      | Noticed Crazy Yiuf
  1698 | D:2      | Killed Crazy Yiuf
  1931 | D:3      | Reached XP level 5. HP: 53/53 MP: 4/4
  2028 | D:3      | Noticed Sigmund
  2036 | D:3      | Killed Sigmund
  2037 | D:3      | Reached skill level 4 in Unarmed Combat
  2037 | D:3      | Reached XP level 6. HP: 59/61 MP: 5/5
  2072 | D:3      | Found a snail-covered altar of Cheibriados.
  2634 | D:4      | Reached skill level 5 in Unarmed Combat
  2634 | D:4      | Reached XP level 7. HP: 67/67 MP: 6/6
  2766 | D:4      | Found a staircase to the Ecumenical Temple.
  2953 | D:5      | Entered Level 5 of the Dungeon
  3642 | D:5      | Noticed a vampire
  3651 | D:5      | Killed a vampire
  3652 | D:5      | Reached skill level 6 in Unarmed Combat
  3673 | D:5      | Found a sparkling altar of Nemelex Xobeh.
  3778 | D:5      | Reached XP level 8. HP: 76/78 MP: 7/7
  3924 | Temple   | Entered the Ecumenical Temple
  3974 | D:5      | Found a hide-covered altar of Uskayaw.
  4078 | D:6      | Noticed Maggie
  4097 | D:6      | Killed Maggie
  4098 | D:6      | Reached skill level 5 in Shields
  4098 | D:6      | Reached skill level 7 in Unarmed Combat
  4131 | D:6      | Found a blossoming altar of Fedhas.
  4140 | D:6      | Found a glowing silver altar of Zin.
  4141 | D:6      | Found an ornate altar of the Wu Jian Council.
  4154 | D:6      | Found an ancient bone altar of Kikubaaqudgha.
  4154 | D:6      | Found a basalt altar of Yredelemnul.
  4164 | D:6      | Found a sacrificial altar of Ru.
  4164 | D:6      | Found a bloodstained altar of Trog.
  4176 | D:6      | Became a worshipper of the Wu Jian Council
  4538 | D:6      | Noticed Eustachio
  4548 | D:6      | Reached skill level 5 in Dodging
  4565 | D:6      | Killed Eustachio
  4566 | D:6      | Reached skill level 5 in Fighting
  4566 | D:6      | Reached XP level 9. HP: 75/88 MP: 8/8
  4940 | D:7      | Found a burning altar of Makhleb.
  5011 | D:7      | Reached skill level 8 in Unarmed Combat
  5067 | D:7      | Noticed Maurice
  5073 | D:7      | Maurice stole an amulet of guardian spirit
  5076 | D:7      | Maurice stole 367 gold
  5077 | D:7      | Killed Maurice
  5320 | D:7      | Reached * piety under Wu Jian
  5434 | D:7      | Found a glowing golden altar of the Shining One.
  5625 | D:8      | Reached skill level 9 in Unarmed Combat
  5628 | D:8      | Noticed Gastronok
  5651 | D:8      | Killed Gastronok
  5652 | D:8      | Reached XP level 10. HP: 47/98 MP: 1/9
  5854 | D:8      | Got Runail's Parchment of the Treeataur
  5885 | D:8      | Noticed Joseph
  5928 | D:8      | Killed Joseph
  5929 | D:8      | Reached skill level 10 in Unarmed Combat
  5970 | D:8      | Noticed Erica
  5981 | D:8      | Killed Erica
  6220 | D:8      | Reached ** piety under Wu Jian
  6590 | D:9      | Found a hazy altar of Hepliaklqana.
  6775 | D:9      | Found a flagged portal.
  6791 | Bailey   | Entered a bailey
  6831 | Bailey   | Noticed an orc knight
  6832 | Bailey   | Found a large runed translucent door.
  6832 | Bailey   | Found a large runed translucent door.
  6833 | Bailey   | Noticed a deep elf pyromancer
  6838 | Bailey   | Reached XP level 11. HP: 107/107 MP: 10/10
  6844 | Bailey   | Killed an orc knight
  6845 | Bailey   | Reached skill level 11 in Unarmed Combat
  6999 | Bailey   | Killed a deep elf pyromancer
  6999 | Bailey   | Reached *** piety under Wu Jian
  7008 | Bailey   | Identified the +0 robe of Xoucw {rPois rF- Int+2 Dex+2}
  7056 | Bailey   | Identified the +7 chain mail "Jomn" {Int+3}
  7236 | D:9      | Found a staircase to the Orcish Mines.
  7299 | D:9      | Noticed a red ugly thing
  7312 | D:9      | Killed a red ugly thing
  7850 | D:10     | Entered Level 10 of the Dungeon
  8200 | D:10     | Noticed a two-headed ogre
  8205 | D:10     | Killed a two-headed ogre
  8396 | D:10     | Found a white marble altar of Elyvilon.
  8632 | D:11     | Reached skill level 12 in Unarmed Combat
  8640 | D:11     | Reached skill level 1 in Evocations
  8656 | D:11     | Found a frozen archway.
  8665 | D:11     | Reached **** piety under Wu Jian
  8781 | IceCv    | Entered an ice cave
  9154 | IceCv    | Reached XP level 12. HP: 104/119 MP: 11/11
  9352 | IceCv    | Noticed a reaper
  9362 | IceCv    | Killed a reaper
 10041 | D:11     | Found a staircase to the Lair.
 10259 | D:12     | Noticed Nergalle
 10272 | D:12     | Killed Nergalle
 10273 | D:12     | Reached skill level 1 in Throwing
 10394 | D:12     | Reached ***** piety under Wu Jian
 10395 | D:12     | Reached skill level 13 in Unarmed Combat
 10471 | D:12     | Noticed a two-headed ogre
 10477 | D:12     | Killed a two-headed ogre
 10764 | D:12     | Noticed a boulder beetle
 10778 | D:12     | Killed a boulder beetle
 10826 | D:12     | Learned a level 5 spell: Freezing Cloud
 11074 | Lair:1   | Entered Level 1 of the Lair of Beasts
 11194 | Lair:1   | Reached XP level 13. HP: 128/128 MP: 12/12
 11305 | Lair:1   | Reached skill level 5 in Evocations
 11336 | Lair:1   | Reached skill level 1 in Ice Magic
 11929 | Lair:1   | Gained mutation: You are dopey. (Int -2) [potion of
                  | mutation]
 11929 | Lair:1   | Gained mutation: Armour fits poorly on your strangely
                  | shaped body. [potion of mutation]
 11929 | Lair:1   | Gained mutation: Your flesh is cold resistant. (rC+)
                  | [potion of mutation]
 11930 | Lair:1   | Lost mutation: Your flesh is cold resistant. (rC+) [potion
                  | of mutation]
 11930 | Lair:1   | Lost mutation: Armour fits poorly on your strangely shaped
                  | body. [potion of mutation]
 11930 | Lair:1   | Gained mutation: Your spells are a little easier to cast,
                  | but a little less powerful. [potion of mutation]
 11930 | Lair:1   | Gained mutation: You have large cloven feet. [potion of
                  | mutation]
 11957 | Lair:1   | Reached skill level 14 in Unarmed Combat
 12524 | Lair:2   | Reached ****** piety under Wu Jian
 13224 | Lair:3   | Found a staircase to the Snake Pit.
 13502 | Lair:3   | Found a staircase to the Shoals.
 13683 | Lair:3   | Noticed Sonja
 13690 | Lair:3   | Killed Sonja
 13691 | Lair:3   | Reached skill level 10 in Shields
 14263 | Lair:4   | Reached XP level 14. HP: 132/140 MP: 13/13
 14659 | Lair:5   | Entered Level 5 of the Lair of Beasts
 14854 | Lair:5   | Reached skill level 15 in Unarmed Combat
 15033 | Lair:5   | Reached skill level 5 in Ice Magic
 15287 | Lair:5   | Found a viscous altar of Jiyva.
 15287 | Lair:5   | Found a staircase to the Slime Pits.
 15622 | Lair:5   | Reached skill level 1 in Armour
 16298 | Orc:1    | Entered Level 1 of the Orcish Mines
 16433 | Orc:2    | Entered Level 2 of the Orcish Mines
 16609 | Orc:2    | Noticed an orc warlord
 16625 | Orc:2    | Killed an orc warlord
 16879 | Orc:1    | Reached skill level 10 in Fighting
 17122 | Orc:2    | Reached skill level 10 in Dodging
 17171 | Orc:2    | Found Muce's Antique Weapon Emporium.
 17243 | Orc:2    | Noticed an orc warlord
 17244 | Orc:2    | Gained mutation: You are very dopey. (Int -4) [a neqoxec]
 17249 | Orc:2    | Reached XP level 15. HP: 124/149 MP: 14/14
 17258 | Orc:2    | Reached skill level 16 in Unarmed Combat
 17264 | Orc:2    | Reached skill level 5 in Throwing
 17274 | Orc:2    | Found Hudemp's Antique Armour Shop.
 17377 | Orc:2    | Found a staircase to the Elven Halls.
 17471 | Orc:2    | Found Acy Piraopo's Antique Weapon Boutique.
 17709 | Orc:2    | Found Hemuxtug's Jewellery Shop.
 18060 | D:13     | Noticed Erolcha
 18073 | D:13     | Killed Erolcha
 18334 | D:13     | Identified the maw talisman of Contumacious Knowledge
                  | {rElec Str+2 Int+2 Dex+3}
 18334 | D:13     | Noticed Rupert
 18402 | D:13     | Killed Rupert
 19292 | D:14     | Found a gate to the Vaults.
 19359 | D:15     | Entered Level 15 of the Dungeon
 19722 | D:15     | Found a staircase to the Depths.
 20004 | D:15     | Found a portal to a secret trove of treasure.
 20334 | Snake:1  | Entered Level 1 of the Snake Pit
 20368 | Snake:1  | Reached skill level 17 in Unarmed Combat
 20885 | Snake:1  | Reached XP level 16. HP: 161/161 MP: 15/15
 21350 | Snake:1  | Reached skill level 5 in Armour
 21997 | Snake:2  | Identified the ring "Dooze" {Fly MP-9 Dex+6}
 23353 | Snake:3  | Found Obepur's Weapon Shoppe.
 23767 | Snake:3  | Reached skill level 18 in Unarmed Combat
 24154 | Snake:4  | Entered Level 4 of the Snake Pit
 24592 | Snake:4  | Reached XP level 17. HP: 94/170 MP: 16/16
 24843 | Snake:4  | Got a serpentine rune of Zot
 24997 | Snake:4  | Learned a level 2 spell: Blink
 25263 | Shoals:1 | Entered Level 1 of the Shoals
 25653 | Shoals:1 | Reached skill level 1 in Translocations
 25696 | Shoals:1 | Found Muucufon's Gadget Gallery.
 26322 | Shoals:2 | Reached skill level 1 in Shapeshifting
 27177 | Shoals:4 | Entered Level 4 of the Shoals
 27197 | Shoals:4 | Reached skill level 5 in Shapeshifting
 27314 | Shoals:4 | Found a radiant altar of Vehumet.
 27378 | Shoals:4 | Noticed Polyphemus
 27406 | Shoals:4 | Killed Polyphemus
 27546 | Shoals:4 | HP: 5/172 [merfolk javelineer/silver javelin (4)]
 27943 | Shoals:4 | Got the Precepts of the Union
 27956 | Shoals:4 | Identified the +10 mace of Xomoacov {freeze, rC+ Str+3
                  | Int+2}
 28011 | Shoals:4 | Got a barnacled rune of Zot
 28157 | Shoals:4 | Reached XP level 18. HP: 109/182 MP: 5/17
 28362 | Shoals:4 | Found a snail-covered altar of Cheibriados.
 29741 | Vaults:1 | Entered Level 1 of the Vaults
 29813 | Vaults:1 | Reached skill level 10 in Shapeshifting
 30163 | Vaults:1 | HP: 7/182 [ironbound frostheart/creeping frost[a vault
                  | warden] (15)]
 30166 | Vaults:1 | HP: 3/182 [ironbound frostheart/creeping frost (17)]
 30332 | Vaults:1 | Noticed Nikola
 30349 | Vaults:1 | Killed Nikola
 31492 | Vaults:2 | Reached skill level 19 in Unarmed Combat
 31820 | Vaults:2 | You fall into a shaft and drop 1 floor!
 31836 | Vaults:3 | Reached XP level 19. HP: 162/189 MP: 18/18
 33283 | Vaults:2 | Found a staircase to the Crypt.
 33891 | Vaults:2 | Found Ydokay's Armour Shoppe.
 33905 | Vaults:2 | Bought the scarf of Twilight {repulsion, Rampage rF+ rN+
                  | Str+2} for 712 gold pieces
 34176 | Elf:1    | Entered Level 1 of the Elven Halls
 34210 | Elf:1    | Paralysed by an air elemental for 1 turns
 34213 | Elf:1    | Paralysed by an air elemental for 1 turns
 34547 | Elf:1    | Reached skill level 5 in Translocations
 35256 | Elf:2    | Reached XP level 20. HP: 202/202 MP: 19/19
 35685 | Elf:2    | Found a runed translucent gate.
 35686 | Elf:2    | Found a runed translucent gate.
 35686 | Elf:2    | Found a runed translucent gate.
 35883 | Elf:2    | Reached skill level 20 in Unarmed Combat
 36060 | Elf:3    | Entered Level 3 of the Elven Halls
 36357 | Elf:3    | Got Nanlaffu's Incunable of Battle Magic
 37106 | Elf:3    | Identified the ring of Uvvideg {Fly rF+++ rN+ Str-5 Int+2}
 37126 | Elf:3    | Slain by a lorocyproca

Illustrated notes

Levels and vault maps discovered:
D:1:      roderic_crossed_star, layout_basic, nicolae_hexahallways
D:2:      layout_loops_ring, uniq_crazy_yiuf_cottage, uniq_jessica
D:3:      layout_basic, chei_slow_surprise, uniq_sigmund
D:4:      layout_rooms, minmay_temple_entry_from_below_a, serial_bayou,
          serial_bayou_shore_a, serial_bayou_pond_e, serial_bayou_pond_e,
          serial_bayou_pond_a
D:5:      layout_loops_corners, lemuel_crystal_altar, marbit_many_paths
D:6:      layout_gridville, grunt_temple_overflow_open,
          kennysheep_pointless_box, uniq_eustachio, uniq_maggie
D:7:      layout_rooms, mainiacjoe_overflow_paths,
          mainiacjoe_overflow_concentric_impassable, uniq_maurice
D:8:      layout_basic, uniq_gastronok, uniq_erica, uniq_joseph
D:9:      cheibrodos_barr_body, layout_basic, mainiacjoe_overflow_cross_hatched,
          enter_bailey_5, nzn_life_drinkers
D:10:     layout_long_grid, elyvilon_altar_5, corner_web_ring,
          minmay_fountain_box
D:11:     layout_roguey, erik_lair_dragon, portal_ice_cave_entry_ice_simulacra
D:12:     layout_basic, hangedman_weighted_door, uniq_nergalle
D:13:     layout_cave_pools, uniq_erolcha, uniq_rupert
D:14:     layout_cave_pools, grunt_vaults_entry_fortified
D:15:     hellmonk_depths_entry_around_the_bend, layout_irregular_city,
          nicolae_trove_entry_columns, moated_statue
Temple:   nicolae_temple_godpark
Lair:1:   layout_roguey [special_room_bee], hibernation_bobbens,
          infiniplex_staircase_pool, lemuel_fruit_tree, grunt_megastairs_1
Lair:2:   layout_hall_layers
Lair:3:   layout_roguey, minmay_shoals_entry_centaurs,
          guppyfry_snake_entry_island, lemuel_fruit_fields, uniq_sonja
Lair:4:   layout_long_grid
Lair:5:   evilmike_catoblepas_cave, layout_regular_city,
          dpeg_slime_entry_enclosed, grunt_megastairs_4
Shoals:1: layout_shoals, nicolae_shop_gadgets
Shoals:2: layout_shoals
Shoals:3: layout_shoals, overgrown_tower
Shoals:4: shoals_end_grunt_garden, layout_shoals, hangedman_feature_mirror,
          uniq_polyphemus
Snake:1:  nicolae_snake_crotalidae_crossing, layout_grid_shapes,
          serial_bayou_shore_b
Snake:2:  layout_gridlike
Snake:3:  layout_cave_shapes, serial_shops, nicolae_shop_tiny_statue_garden
Snake:4:  minmay_snake_end_coiled, layout_misc_corridors, serial_bayou_shore_b
Orc:1:    layout_diamond_mine
Orc:2:    grunt_orc_community_town_hall, layout_caves,
          grunt_orc_community_big_house_1, grunt_orc_community_big_house_1,
          grunt_orc_community_house_2, grunt_orc_community_house_1,
          grunt_orc_community_house_1, grunt_orc_community_house_1
Elf:1:    minmay_elf_arrival_circle, layout_geoelf_diagonals,
          hangedman_elven_crosses_minicolossus, nicolae_twisty_statue_hallways
Elf:2:    nicolae_elf_blades_crystal_corner, layout_onion_city
Elf:3:    minmay_elf_hall_dome, layout_loops_corners, special_room
          [special_room_orc], minmay_elf_annihilation
Vaults:1: nicolae_vaults_trapezoid_lopsided_2, nicolae_vaults_tangram_2,
          grunt_vaults_swirl, hangedman_vaults_nodes, vaults_dpeg_hooks,
          ontoclasm_vaults_decontamination, nicolae_vaults_statue_guard,
          v_rooms_3, vaults_mumra_hex, vaults_standard_mumra_enter_the_diamond,
          vaults_dpeg_cross, v_alt_pattern_6, ontoclasm_vaults_shuriken,
          nicolae_vaults_diamond_1, nicolae_vaults_circle_grid_a,
          layout_vaults_omnibox, uniq_nikola
Vaults:2: hangedman_vaults_pinch, nicolae_vaults_closet_pinwheel_3,
          nicolae_vaults_network_star, nicolae_vaults_frosty_reception,
          nicolae_vaults_tetromino_Z_1, nicolae_vaults_diamond_2,
          grunt_vaults_diagonal, hangedman_vaults_trim, layout_vaults_omnigrid,
          minmay_crypt_entry_simple_statues, serial_shops, shop
Vaults:3: nicolae_vaults_house_2, v_alt_pattern_5, v_misc_23,
          ontoclasm_vaults_idyll, v_misc_25, vaults_room_door_ring,
          hangedman_vaults_stretched_pinwheel, nicolae_vaults_house_2,
          vaults_mumra_lcd, vaults_room_fours, layout_vaults_big_room

Skill      XL: |  1  2  3  4  5  6  7  8  9 10 11 12 13 14 15 16 17 18 19 20 |
---------------+-------------------------------------------------------------+-----
Shields        | 3 4 5 6 7 8 9 10 11 12 13 14 | 14.5
Unarmed Combat | 3 4 5 6 7 9 10 12 13 14 15 17 18 19 20 | 20.2
Fighting       | 3 4 5 6 7 8 9 10 11 12 13 | 13.5
Dodging        | 3 4 5 6 7 8 9 10 | 10.0
Evocations     | 2 4 5 |  5.0
Throwing       | 2 4 6 8 |  8.3
Ice Magic      | 4 5 |  5.1
Armour         | 2 4 6 |  6.8
Translocations | 1 3 5 6 |  6.0
Shapeshifting  | 8 12 13 14 | 14.3

Action                     |  1- 3 |  4- 6 |  7- 9 | 10-12 | 13-15 | 16-18 | 19-21 || total
---------------------------+-------+-------+-------+-------+-------+-------+-------++-------
  Melee: Unarmed           |    64 |   106 |   298 |   685 |  1360 |  1394 |   589 ||  4496
         Kick              |       |       |       |       |   339 |   476 |   132 ||   947
  Throw: Large rock        |       |       |       |    20 |    97 |   115 |    19 ||   251
         Javelin           |       |       |       |       |    37 |     2 |       ||    39
         Boomerang         |       |       |       |       |    47 |    29 |       ||    76
 Invoke: Serpent's Lash    |       |       |       |       |     9 |     9 |     2 ||    20
         Heavenly Storm    |       |       |       |       |     3 |     5 |     2 ||    10
Ability: Lunge             |       |       |    12 |    51 |   114 |   144 |    71 ||   392
         Whirlwind         |       |       |       |    28 |   276 |   540 |   146 ||   990
         Wall Jump         |       |       |       |       |     4 |     7 |       ||    11
  Evoke: Wand              |       |       |     9 |    15 |       |       |       ||    24
         Sack of spiders   |       |       |       |     1 |       |       |       ||     1
    Use: Scroll            |       |     8 |     7 |     1 |    12 |     1 |     5 ||    34
         Potion            |       |     6 |     2 |       |     4 |     9 |     2 ||    23
   Stab: Sleeping          |     1 |     1 |       |       |       |       |       ||     2
         Petrified         |       |       |       |       |       |    10 |       ||    10
         Petrifying        |       |       |       |       |       |     1 |       ||     1
 Armour: Robe              |    21 |    53 |    83 |       |       |       |       ||   157
         Steam dragon scal |       |       |   101 |    71 |       |       |       ||   172
         Pearl dragon scal |       |       |       |   317 |   700 |   609 |       ||  1626
         Skin              |       |       |       |       |       |    93 |   374 ||   467
  Dodge: Dodged            |    22 |    39 |    82 |   197 |   289 |   302 |   150 ||  1081
         Repelled          |       |       |       |       |       |       |    11 ||    11
  Block: Kite shield       |    13 |    38 |   133 |   302 |   501 |       |       ||   987
         Tower shield      |       |       |       |       |   180 |  1026 |   389 ||  1595
   Form: Statue            |       |       |       |       |       |     2 |       ||     2
                           |       |       |       |       |       |     1 |       ||     1
